[Event "Titled Tuesday Blitz August 22 Late 2023"]
[White "Ozkan, Taha"]
[Black "Kamsky, Gata"]
[WhiteFideId "34577173"]
[BlackFideId "2000024"]
[WhiteElo "2632"]
[BlackElo "2913"]
[Result "1-0"]
[Round "10"]
[TimeControl "180+1"]
[Date "2023.08.22"]
[WhiteClock "0:00:14"]
[BlackClock "0:00:37"]
[Board "16"]

1. d4 f5 2. e4 fxe4 3. Nc3 Nf6 4. Bg5 c6 5. f3 d5 6. fxe4 Nxe4 7. Nxe4 dxe4 8. Bc4 Qd6 9. Ne2 Qb4+ 10. Qd2 Qxc4 11. O-O Nd7 12. b3 Qd5 13. c4 Qd6 14. Nc3 Nf6 15. Bxf6 exf6 16. Nxe4 Qd8 17. Rae1 Be7 18. d5 cxd5 19. cxd5 Qb6+ 20. Kh1 Bb4 21. Nxf6+ Kd8 22. Qg5 Bxe1 23. Ne8+ Kxe8 24. Rxe1+ Kd7 25. Qe7# 1-0


[Site "https://www.chess.com"]

[Event "Titled Tuesday Blitz August 22 Late 2023"]
[White "Geivondian, Arman"]
[Black "Kravtsiv, Martyn"]
[WhiteFideId "24102032"]
[BlackFideId "14113147"]
[WhiteElo "2558"]
[BlackElo "2903"]
[Result "0-1"]
[Round "10"]
[TimeControl "180+1"]
[Date "2023.08.22"]
[WhiteClock "0:01:06"]
[BlackClock "0:01:33"]
[Board "17"]

1. e4 e5 2. Nf3 Nc6 3. Nc3 Nf6 4. h3 d5 5. exd5 Nxd5 6. Bb5 Nxc3 7. bxc3 Bd6 8. O-O O-O 9. d4 exd4 10. cxd4 Ne7 11. Re1 c6 12. Bd3 Ng6 13. Bg5 Qc7 14. Bxg6 hxg6 15. Qd2 Bf5 16. Rab1 Rfe8 17. Rxe8+ Rxe8 18. Re1 Rxe1+ 19. Qxe1 f6 20. Qe8+ Kh7 21. Be3 Bxc2 22. g4 Qe7 23. Qc8 Be4 24. Nd2 Bd5 25. a4 a5 26. Qa8 Bb4 27. Qb8 Bxd2 28. Bxd2 Qe4 29. Kf1 Qd3+ 30. Ke1 Bc4 31. Kd1 Qb1+ 32. Bc1 Qb3+ 33. Ke1 Qc3+ 0-1


[Site "https://www.chess.com"]

[Event "Titled Tuesday Blitz August 22 Late 2023"]
[White "Elsa167"]
[Black "Saif, Malek"]
[BlackFideId "8104220"]
[WhiteElo "2893"]
[BlackElo "2677"]
[Result "1-0"]
[Round "10"]
[TimeControl "180+1"]
[Date "2023.08.22"]
[WhiteClock "0:01:27"]
[BlackClock "0:00:30"]
[Board "18"]

1. e4 e5 2. f4 d5 3. exd5 e4 4. d3 exd3 5. Qxd3 Nf6 6. Nc3 Be7 7. Nf3 Nbd7 8. Be3 Nb6 9. O-O-O Bg4 10. Be2 Qd7 11. Ne5 Qf5 12. Nxg4 Qd7 13. Nxf6+ Bxf6 14. Qb5 O-O 15. Bxb6 Qxb5 16. Nxb5 axb6 17. a3 c6 18. dxc6 bxc6 19. Nd4 c5 20. Nb5 Ra4 21. g3 Re8 22. Rhe1 g5 23. b3 Ra5 24. Bc4 Rxe1 25. Rxe1 gxf4 26. gxf4 h5 27. a4 h4 28. Nd6 Ra7 29. Nxf7 Bc3 30. Rg1+ Kf8 31. Ne5 Rh7 32. Kd1 h3 33. Ke2 Ke7 34. Rg6 Rh4 35. Kf3 Bd2 36. Rg4 Rh6 37. Rg7+ Kf8 38. Rf7+ Ke8 39. Bb5+ Kd8 40. Nc6+ Rxc6 41. Bxc6 c4 42. Rd7+ Kc8 43. Rxd2 cxb3 44. cxb3 Kc7 45. f5 b5 46. f6 bxa4 47. bxa4 Kxc6 48. f7 Kc5 49. f8=Q+ Kc4 50. Qd6 Kb3 51. Qd3+ Kb4 52. Rb2+ Kc5 53. Rb5+ Kc6 54. Qd5+ Kc7 55. Rb7+ Kc8 56. Qd7# 1-0


[Site "https://www.chess.com"]

[Event "Titled Tuesday Blitz August 22 Late 2023"]
[White "Ibarra Jerez, Jose Carlos"]
[Black "Korchmar, Vasiliy"]
[WhiteFideId "2226332"]
[BlackFideId "24131750"]
[WhiteElo "2886"]
[BlackElo "2674"]
[Result "0-1"]
[Round "10"]
[TimeControl "180+1"]
[Date "2023.08.22"]
[WhiteClock "0:00:33"]
[BlackClock "0:00:05"]
[Board "19"]

1. e4 c5 2. Nf3 d6 3. c3 Nf6 4. h3 Nc6 5. Bd3 d5 6. e5 Nd7 7. Bb5 Qb6 8. Bxc6 Qxc6 9. d4 e6 10. O-O h6 11. h4 Be7 12. h5 b6 13. Re1 Ba6 14. Nh2 Rc8 15. Qg4 cxd4 16. Qxg7 Rf8 17. Bxh6 dxc3 18. Nxc3 Nc5 19. Qh7 Bd3 20. Qg7 Kd7 21. Ng4 d4 22. Nf6+ Bxf6 23. Qxf6 dxc3 24. Bxf8 Rxf8 25. bxc3 Ke8 26. Rad1 Rg8 27. f3 Qa4 28. Rd2 Nd7 29. Qh6 Qh4 30. Red1 Nxe5 31. Qe3 Qg3 32. Rf2 Ng4 33. Qd4 Qh2# 0-1


[Site "https://www.chess.com"]

[Event "Titled Tuesday Blitz August 22 Late 2023"]
[White "Zierk, Steven"]
[Black "Zhu, Jiner"]
[WhiteFideId "2034255"]
[BlackFideId "8608059"]
[WhiteElo "2863"]
[BlackElo "2668"]
[Result "0-1"]
[Round "10"]
[TimeControl "180+1"]
[Date "2023.08.22"]
[WhiteClock "0:00:13"]
[BlackClock "0:00:19"]
[Board "20"]

1. e4 c5 2. Nf3 Nc6 3. Bb5 g6 4. O-O Bg7 5. c3 e5 6. d4 cxd4 7. cxd4 exd4 8. Bf4 a6 9. Bc4 d6 10. Nbd2 Nge7 11. Nb3 O-O 12. Nbxd4 Nxd4 13. Nxd4 d5 14. exd5 Nxd5 15. Bxd5 Qxd5 16. Nf3 Qxd1 17. Rfxd1 Bxb2 18. Rab1 Bg7 19. Ne5 b5 20. Nc6 Be6 21. a3 Rfe8 22. Rd2 Rac8 23. Rc1 h5 24. h4 Kh7 25. Rdd1 Bb2 26. Rb1 Bxa3 27. Nd4 Bc5 28. Be3 Bc4 29. Ra1 b4 30. Rdc1 Bf8 31. Ra5 b3 32. Rb1 Bg7 33. Nxb3 Rb8 34. Nd2 Rxb1+ 35. Nxb1 Bb5 36. Ra3 Rc8 37. Nd2 Rc2 38. Ne4 Be5 39. f4 Bg7 40. Nc5 Bf8 41. Rxa6 Bxc5 42. Bxc5 Bxa6 0-1


[Site "https://www.chess.com"]

[Event "Titled Tuesday Blitz August 22 Late 2023"]
[White "Mekhitarian, Krikor Sevag"]
[Black "Shuvalova, Polina"]
[WhiteFideId "2107660"]
[BlackFideId "24171760"]
[WhiteElo "2838"]
[BlackElo "2664"]
[Result "1/2-1/2"]
[Round "10"]
[TimeControl "180+1"]
[Date "2023.08.22"]
[WhiteClock "0:00:03"]
[BlackClock "0:00:02"]
[Board "21"]

1. Nf3 d5 2. c4 c6 3. d4 Nf6 4. Nc3 e6 5. cxd5 exd5 6. Bf4 Bd6 7. Bxd6 Qxd6 8. e3 Bf5 9. Nh4 Bg4 10. Qb3 Qc7 11. h3 Be6 12. Bd3 Nbd7 13. Rc1 Qb6 14. Qc2 g6 15. O-O O-O 16. f4 Kh8 17. f5 gxf5 18. Bxf5 Rg8 19. Rf4 Rg5 20. Qf2 Nh5 21. Bxe6 fxe6 22. Rf7 Qd8 23. Rf1 Rg7 24. Rxg7 Nxg7 25. Ne2 Qe7 26. Nf4 Kg8 27. Qg3 Rf8 28. Rf3 Nf6 29. Qg5 Qd7 30. Nd3 Ne4 31. Rxf8+ Kxf8 32. Qf4+ Qf7 33. Qb8+ Ne8 34. Nf3 a6 35. Nde5 Qe7 36. Qc8 Kg7 37. Nd3 N8d6 38. Qb8 Nf5 39. Qf4 Qf6 40. Nde5 h6 41. g4 Nfd6 42. Kg2 Qxf4 43. exf4 Nb5 44. a4 Nbd6 45. b3 Kf6 46. Kf1 Ng3+ 47. Kf2 Nge4+ 48. Ke3 Kg7 49. Nd7 Kf7 50. Nde5+ Kf6 51. Nd3 Ke7 52. h4 Kf6 53. Nfe5 Ke7 54. Ne1 Kf6 55. N1f3 Ng3 56. h5 Nge4 57. Nh4 Ke7 58. Nhg6+ Kf6 59. Nf8 Ke7 60. Nfg6+ Kf6 61. Nd7+ Kf7 62. Nde5+ Kf6 1/2-1/2


[Site "https://www.chess.com"]

[Event "Titled Tuesday Blitz August 22 Late 2023"]
[White "Diaz Camallonga, Carles"]
[Black "Pham, Le Thao Nguyen"]
[WhiteFideId "22235256"]
[BlackFideId "12401226"]
[WhiteElo "2808"]
[BlackElo "2661"]
[Result "1-0"]
[Round "10"]
[TimeControl "180+1"]
[Date "2023.08.22"]
[WhiteClock "0:00:10"]
[BlackClock "0:00:03"]
[Board "22"]

1. e4 c6 2. Nf3 d5 3. Nc3 dxe4 4. Nxe4 Nf6 5. Qe2 Nxe4 6. Qxe4 Qa5 7. Bc4 Bf5 8. Qf4 e6 9. c3 Nd7 10. d4 Be7 11. O-O O-O 12. Re1 Qd8 13. Qg3 Bg6 14. Bb3 a5 15. a4 Re8 16. Ng5 Bxg5 17. Bxg5 Qb6 18. Bc4 Qxb2 19. Qc7 Nf8 20. Rec1 Rec8 21. Qg3 Qb6 22. Be7 Qc7 23. Bd6 Qd7 24. h4 h5 25. Ra2 b5 26. Bb3 Bf5 27. Bc5 Ng6 28. Qg5 Qd8 29. Qxh5 Qxh4 30. Qxh4 Nxh4 31. Rca1 Bd3 32. axb5 cxb5 33. Rxa5 Rxa5 34. Rxa5 Ng6 35. g3 Nf8 36. Ra7 Nh7 37. Kg2 Nf6 38. Kf3 Ne4 39. Ke3 Bb1 40. Ra1 Nxc3 41. Ra7 Ne4 42. Bb4 Nf6 43. Bc5 Be4 44. f3 Bd5 45. Bc2 Bc4 46. g4 Nd5+ 47. Kd2 b4 48. g5 g6 49. Rb7 b3 50. Bxb3 Bxb3 51. Rxb3 Ra8 52. Kd3 Kg7 53. Bd6 Kg8 54. Be5 Kf8 55. Ke4 Rc8 56. Kd3 Rd8 57. Rb2 Rc8 58. Rb3 Ke8 59. Kd2 Kf8 60. Rb7 Ke8 61. Rb1 Ke7 62. Rb7+ Ke8 63. Bd6 Rd8 64. Bc5 Rc8 65. Kd3 Rc7 66. Rb8+ Kd7 67. Ke4 Kc6 68. Ke5 Rd7 69. Rb3 Rc7 70. Ra3 Rb7 71. Ra6+ Kb5 72. Rd6 Kc4 73. Ra6 Kd3 74. f4 Ke3 75. Ra3+ Kf2 76. Rh3 Kg2 77. Ra3 Kf2 78. Bd6 Kg2 79. Bc5 Rb2 80. Ra7 Re2+ 81. Kd6 Re4 82. Rxf7 Nxf4 83. Rf6 Kg3 84. Ke7 Kg4 85. Bd6 Nd5+ 86. Kf7 Kxg5 87. Rxg6+ Kf5 88. Be5 Rh4 89. Rg7 Rh5 90. Ke8 Ke4 91. Kd7 Rxe5 92. dxe5 Kxe5 93. Rg6 Nf4 94. Rh6 Kf5 95. Kd6 Ke4 96. Rh4 Kf5 97. Rh1 Ke4 98. Re1+ Kf5 99. Re5+ Kg4 100. Re4 Kf3 101. Ke5 Kg4 102. Rxf4+ Kg3 103. Rf6 Kg4 104. Rxe6 Kg5 105. Rf6 1-0


[Site "https://www.chess.com"]

[Event "Titled Tuesday Blitz August 22 Late 2023"]
[White "Bauman_Guy"]
[Black "Filipascu"]
[WhiteElo "2793"]
[BlackElo "2654"]
[Result "1-0"]
[Round "10"]
[TimeControl "180+1"]
[Date "2023.08.22"]
[WhiteClock "0:00:13"]
[BlackClock "0:00:10"]
[Board "23"]

1. e4 g6 2. d4 Bg7 3. Nc3 d6 4. Bc4 a6 5. a4 e6 6. h4 h5 7. Nf3 Ne7 8. Bg5 b6 9. Qe2 Bb7 10. O-O-O Nd7 11. d5 e5 12. Nh2 f6 13. Be3 Nc5 14. g4 hxg4 15. Qxg4 Qd7 16. Qxd7+ Nxd7 17. Nf3 Kf7 18. Rhg1 Rh5 19. Ne2 Rh7 20. Ng3 Nc5 21. b3 Bc8 22. Be2 Bd7 23. Rh1 b5 24. axb5 axb5 25. Kb2 Bh6 26. Bxc5 dxc5 27. h5 Rhh8 28. Ra1 gxh5 29. Nh4 Bg4 30. Bxb5 Bg5 31. Rxa8 Rxa8 32. Be2 Bxe2 33. Nxe2 Nc8 34. Nf5 Kg6 35. Neg3 h4 36. Nxh4+ Bxh4 37. Rxh4 Nd6 38. f3 c4 39. b4 Ra4 40. c3 Nb5 41. Rg4+ Kf7 42. Ne2 Ra3 43. Rg1 Rb3+ 44. Kc2 Na3+ 45. Kd2 Rb2+ 46. Ke3 Nc2+ 47. Kf2 f5 48. Rh1 fxe4 49. fxe4 Na3 50. Rh7+ Kf6 51. Rxc7 Rc2 52. Rc6+ Ke7 53. Re6+ Kd7 54. Rxe5 Nb5 55. Ke3 Rb2 56. Re6 Rb3 57. Rc6 Nd6 58. e5 Nf5+ 59. Ke4 Ne7 60. Rxc4 Rb1 61. d6 Nc8 62. Rc7+ Kd8 63. Nd4 Re1+ 64. Kd5 Nb6+ 65. Kc6 Rxe5 66. Kxb6 Rd5 67. Ne6+ Ke8 68. Re7# 1-0


[Site "https://www.chess.com"]

[Event "Titled Tuesday Blitz August 22 Late 2023"]
[White "Omelja, Artem"]
[Black "Kushko, Dmitriy"]
[WhiteFideId "14119846"]
[BlackFideId "14162261"]
[WhiteElo "2651"]
[BlackElo "2766"]
[Result "1-0"]
[Round "10"]
[TimeControl "180+1"]
[Date "2023.08.22"]
[WhiteClock "0:00:19"]
[BlackClock "0:00:00"]
[Board "24"]

1. d4 g6 2. c4 Bg7 3. Nc3 d6 4. e4 e5 5. Nf3 Bg4 6. d5 a5 7. Be2 Na6 8. Be3 Bxf3 9. Bxf3 h5 10. O-O Bh6 11. Bxh6 Nxh6 12. b3 Kf8 13. a3 Kg7 14. Rb1 f6 15. b4 axb4 16. axb4 Nf7 17. Be2 Qe7 18. Qd2 Rhc8 19. Bd3 c5 20. dxc6 bxc6 21. Rfc1 Rab8 22. Na4 c5 23. b5 Nb4 24. Nc3 Ng5 25. Nd5 Nxd5 26. cxd5 c4 27. h4 cxd3 28. Rxc8 Rxc8 29. hxg5 fxg5 30. Qxd3 g4 31. b6 Qg5 32. b7 Rc1+ 33. Qf1 Rxf1+ 34. Kxf1 Qh4 35. b8=Q Qh1+ 36. Ke2 Qxg2 37. Rb7+ Kh6 38. Qf8+ Kg5 39. Qe7+ Kh6 40. Qf8+ Kg5 41. Rb4 Kh4 42. Qf6+ g5 43. Qf5 Kh3 44. Qxg5 Qf3+ 45. Ke1 Qc3+ 46. Qd2 Qa1+ 47. Ke2 Qa6+ 48. Qd3+ Qxd3+ 49. Kxd3 Kg2 50. Ke2 h4 51. Rb6 h3 52. Rxd6 h2 53. Rh6 1-0


[Site "https://www.chess.com"]

[Event "Titled Tuesday Blitz August 22 Late 2023"]
[White "Jakubowski, Krzysztof"]
[Black "Ghazarian, Kirk"]
[WhiteFideId "1112848"]
[BlackFideId "30908604"]
[WhiteElo "2640"]
[BlackElo "2760"]
[Result "1-0"]
[Round "10"]
[TimeControl "180+1"]
[Date "2023.08.22"]
[WhiteClock "0:00:04"]
[BlackClock "0:00:08"]
[Board "25"]

1. e4 c5 2. Nf3 a6 3. g3 g6 4. Bg2 Bg7 5. O-O d6 6. c3 Nf6 7. Re1 O-O 8. d4 cxd4 9. cxd4 Nc6 10. Nc3 Bg4 11. Be3 Rc8 12. h3 Bxf3 13. Bxf3 Nd7 14. Rc1 Nb6 15. b3 Nd7 16. Qd2 e6 17. Bg2 Qa5 18. Red1 Rfd8 19. f4 e5 20. fxe5 dxe5 21. d5 Nd4 22. Kh2 Rc7 23. Qb2 Rdc8 24. b4 Qb6 25. Rf1 Qd6 26. a3 Nb6 27. Qf2 Nc4 28. Na4 Nxe3 29. Qxe3 b6 30. Rxc7 Rxc7 31. Rc1 h5 32. Nb2 Qd8 33. Rxc7 Qxc7 34. Qd3 b5 35. Qd2 Bf6 36. Nd3 h4 37. gxh4 Bxh4 38. Nc5 a5 39. Qd3 axb4 40. axb4 Bg5 41. Qa3 Bf4+ 42. Kh1 Qd8 43. Qa1 Kg7 44. Qc3 Qh4 45. d6 Qd8 46. d7 Bg5 47. Qa3 Be7 48. Qa5 Qxa5 49. bxa5 b4 50. Bf1 Nc6 51. Nb7 Na7 52. d8=Q Bxd8 53. Nxd8 b3 54. Bd3 b2 55. Nb7 Kf6 56. Nc5 Ke7 57. Na4 Kd6 58. Nxb2 Kc5 59. Kg2 Kd4 60. Kf3 Kc3 61. Bc4 f6 62. Bf7 Kxb2 63. Bxg6 Kc3 64. h4 Nc6 65. h5 Nd4+ 66. Kg4 Ne6 67. Kf5 Nf8 68. Kxf6 Kb4 69. Kf7 Nd7 70. Ke7 Kxa5 71. Kxd7 1-0


[Site "https://www.chess.com"]

[Event "Titled Tuesday Blitz August 22 Late 2023"]
[White "Leiva, Gianmarco"]
[Black "Postlmayer, Jakob"]
[WhiteFideId "3804399"]
[BlackFideId "1643622"]
[WhiteElo "2754"]
[BlackElo "2621"]
[Result "1-0"]
[Round "10"]
[TimeControl "180+1"]
[Date "2023.08.22"]
[WhiteClock "0:00:02"]
[BlackClock "0:00:01"]
[Board "26"]

1. e4 c5 2. Nf3 e6 3. c3 d5 4. e5 Nc6 5. d4 Qb6 6. a3 c4 7. g3 Na5 8. Nbd2 Bd7 9. Bh3 h6 10. O-O Ne7 11. Nh4 g5 12. Ng2 h5 13. Ne3 g4 14. Bg2 Bh6 15. f4 O-O-O 16. Rb1 Bc6 17. b4 cxb3 18. Nxb3 Ba4 19. Nxa5 Bxd1 20. Rxb6 axb6 21. Nxb7 Kxb7 22. Rxd1 Kc7 23. a4 Ra8 24. Ba3 Kd7 25. c4 Rxa4 26. Bxe7 Kxe7 27. cxd5 exd5 28. Nxd5+ Kf8 29. Nxb6 Rb4 30. Nd5 Rb2 31. Nf6 Bg7 32. Ne4 Ke7 33. d5 Ra8 34. d6+ Kd8 35. Nc3 Rc8 36. Ne4 Rcc2 37. Bf1 Rxh2 38. Ng5 Rhd2 39. Nxf7+ Ke8 40. Rxd2 Rxd2 41. Ng5 Bf8 42. Ne6 Bxd6 43. exd6 Rxd6 44. Ng5 Ke7 45. Ne4 Rd4 46. Bg2 Rb4 47. Kf2 Rb2+ 48. Kf1 Rb4 49. Nc5 Rc4 50. Nd3 Rc2 51. Nf2 Kf6 52. Be4 Rb2 53. Bd3 Rd2 54. Ne4+ 1-0


[Site "https://www.chess.com"]

[Event "Titled Tuesday Blitz August 22 Late 2023"]
[White "Kuzmicz, Krystian"]
[Black "Papayan, Oleg"]
[WhiteFideId "1119125"]
[BlackFideId "4193911"]
[WhiteElo "2741"]
[BlackElo "2620"]
[Result "1/2-1/2"]
[Round "10"]
[TimeControl "180+1"]
[Date "2023.08.22"]
[WhiteClock "0:00:26"]
[BlackClock "0:00:32"]
[Board "27"]

1. e4 d5 2. exd5 Qxd5 3. Nf3 Nf6 4. d4 c6 5. Be2 Bf5 6. O-O e6 7. c4 Qd8 8. Nc3 Be7 9. Be3 O-O 10. h3 Nbd7 11. Rc1 Ne4 12. Nxe4 Bxe4 13. Nd2 Bg6 14. Bf3 Nf6 15. Re1 Qa5 16. a3 Rfd8 17. Qe2 Rd7 18. Rc3 Rad8 19. b4 Qc7 20. Rec1 a5 21. Rb3 axb4 22. axb4 Ra8 23. b5 cxb5 24. Rxb5 Nd5 25. Qf1 Nxe3 26. fxe3 Ra7 27. Ne4 Rd8 28. c5 h6 29. Qf2 e5 30. d5 Rxd5 31. Nf6+ Bxf6 32. Bxd5 e4 33. Qf4 Be5 34. Qg4 Kh8 35. Bxe4 Ra4 36. c6 Rxe4 37. Rxb7 Rxg4 38. Rxc7 Rxg2+ 39. Kxg2 Be4+ 40. Kf2 Bxc7 41. Rd1 Bxc6 42. Rc1 Be5 43. Rxc6 Kh7 44. Kf3 f6 45. h4 Kg6 46. Kg4 h5+ 47. Kf3 Kf5 48. e4+ Kg6 49. Rc8 Kf7 50. Rh8 Kg6 51. Ke2 Bg3 52. Kf3 Bxh4 53. Re8 Bg5 54. e5 fxe5 55. Rxe5 Bf6 56. Rb5 Kh6 57. Rb7 g6 58. Rb6 Kg5 59. Rb5+ Kh6 60. Rb6 Bc3 61. Rxg6+ Kxg6 62. Kg2 Kg5 63. Kh1 Kg6 64. Kh2 Kf5 65. Kh1 Kg4 66. Kh2 h4 67. Kh1 h3 68. Kh2 Kh4 69. Kh1 Bf6 70. Kh2 Bg7 71. Kh1 Bf8 72. Kh2 Be7 73. Kh1 Bd6 74. Kg1 Bc7 75. Kh1 Bb8 76. Kg1 Ba7+ 77. Kh1 Bb6 78. Kh2 Ba5 79. Kh1 Bb4 80. Kh2 Ba3 81. Kh1 Bb2 82. Kh2 Ba1 83. Kh1 Kg4 84. Kh2 Bh8 85. Kh1 Kh4 86. Kh2 Bg7 87. Kh1 Bh6 88. Kh2 Bf4+ 89. Kh1 Kg3 90. Kg1 Be3+ 91. Kh1 Bh6 92. Kg1 Bf8 93. Kh1 Ba3 94. Kg1 Bc1 95. Kh1 Bh6 96. Kg1 Kh4 97. Kh1 Kg4 98. Kh2 Bf4+ 99. Kh1 Bg3 100. Kg1 Kh4 101. Kh1 Kg5 102. Kg1 Bh2+ 103. Kxh2 Kg4 104. Kh1 Kh5 105. Kh2 Kh4 106. Kh1 Kg4 107. Kh2 Kg5 108. Kh1 Kh5 109. Kh2 Kh4 110. Kh1 Kg3 111. Kg1 Kf4 112. Kh1 Kg4 113. Kh2 Kh4 1/2-1/2


[Site "https://www.chess.com"]

[Event "Titled Tuesday Blitz August 22 Late 2023"]
[White "Martinez Ramirez, Lennis"]
[Black "Veiga, Jose Francisco R P Neves"]
[WhiteFideId "3509079"]
[BlackFideId "1930087"]
[WhiteElo "2736"]
[BlackElo "2608"]
[Result "1-0"]
[Round "10"]
[TimeControl "180+1"]
[Date "2023.08.22"]
[WhiteClock "0:02:08"]
[BlackClock "0:00:33"]
[Board "28"]

1. Nf3 c5 2. c4 Nc6 3. g3 g6 4. Bg2 Bg7 5. O-O e5 6. Nc3 Nge7 7. d3 O-O 8. Bg5 d6 9. a3 Be6 10. Bxe7 Qxe7 11. Ne1 f5 12. Nc2 f4 13. Rb1 Nd4 14. Nxd4 cxd4 15. Nd5 Qf7 16. gxf4 exf4 17. Bf3 g5 18. Kh1 g4 19. Be4 Be5 20. f3 Kh8 21. fxg4 Bxg4 22. Bf3 Bh3 23. Rg1 Rg8 24. Qa4 a6 25. Qa5 Rxg1+ 26. Rxg1 Rg8 27. Rxg8+ Qxg8 28. Qc7 Qg5 29. Qb8+ Kg7 30. Qxb7+ Kh6 31. Qe7 1-0


[Site "https://www.chess.com"]

[Event "Titled Tuesday Blitz August 22 Late 2023"]
[White "Leenhouts, Koen"]
[Black "Jaracz, Pawel"]
[WhiteFideId "1008439"]
[BlackFideId "1102222"]
[WhiteElo "2603"]
[BlackElo "2733"]
[Result "0-1"]
[Round "10"]
[TimeControl "180+1"]
[Date "2023.08.22"]
[WhiteClock "0:00:03"]
[BlackClock "0:00:54"]
[Board "29"]

1. d4 Nf6 2. c4 e6 3. Nc3 Bb4 4. a3 Bxc3+ 5. bxc3 Nc6 6. f3 b6 7. e4 Ba6 8. Bd3 Na5 9. Qe2 d6 10. Bg5 h6 11. Bh4 g5 12. Bf2 Qd7 13. h4 O-O-O 14. Be3 Nh5 15. Kf2 Qe7 16. hxg5 hxg5 17. Nh3 Rhg8 18. Rab1 Qf6 19. c5 Bxd3 20. Qxd3 g4 21. Qa6+ Kd7 22. cxd6 Qh4+ 23. Ke2 gxh3 24. dxc7 Rxg2+ 25. Kd3 Nf4+ 26. Bxf4 Qxf4 27. cxd8=Q+ Kxd8 28. e5 Qxf3# 0-1


[Site "https://www.chess.com"]

[Event "Titled Tuesday Blitz August 22 Late 2023"]
[White "Matinian, Nikita"]
[Black "Trifan, Andrei Ioan"]
[WhiteFideId "24129100"]
[BlackFideId "12967068"]
[WhiteElo "2722"]
[BlackElo "2580"]
[Result "0-1"]
[Round "10"]
[TimeControl "180+1"]
[Date "2023.08.22"]
[WhiteClock "0:00:13"]
[BlackClock "0:01:00"]
[Board "30"]

1. e4 e5 2. Nf3 Nc6 3. Bb5 a6 4. Ba4 Nf6 5. O-O Be7 6. d3 b5 7. Bb3 d6 8. a3 Bg4 9. Be3 O-O 10. Nc3 Nd4 11. Bxd4 exd4 12. Nd5 c6 13. Nxe7+ Qxe7 14. h3 Bh5 15. g4 Nxg4 16. hxg4 Bxg4 17. Kg2 Qf6 18. Rh1 Rae8 19. Kg3 h5 20. Rh4 g5 21. Rxg4 hxg4 22. Nh2 Qf4+ 23. Kg2 Kg7 24. Qxg4 f5 25. Qxf4 gxf4 26. Kf3 Rh8 27. Rg1+ Kf6 28. Rg2 Rh3+ 29. Kxf4 Rh4+ 30. Kg3 Reh8 31. Nf3 f4# 0-1


[Site "https://www.chess.com"]

[Event "Titled Tuesday Blitz August 22 Late 2023"]
[White "Guerra Tulcan, Lenin"]
[Black "Diaz Perez, Michel Alejandro"]
[WhiteFideId "3601382"]
[BlackFideId "3517179"]
[WhiteElo "2570"]
[BlackElo "2697"]
[Result "1-0"]
[Round "10"]
[TimeControl "180+1"]
[Date "2023.08.22"]
[WhiteClock "0:00:11"]
[BlackClock "0:00:12"]
[Board "31"]

1. e4 e6 2. d4 d5 3. Nd2 dxe4 4. Nxe4 Bd7 5. Nf3 Bc6 6. Bd3 Nd7 7. O-O Bxe4 8. Bxe4 c6 9. c3 Ngf6 10. Bc2 Bd6 11. Qe2 Qc7 12. b4 h6 13. Re1 Bf4 14. Bb2 a5 15. a3 O-O 16. c4 b6 17. Ne5 Rfd8 18. g3 Bxe5 19. dxe5 Ne8 20. Qg4 axb4 21. axb4 Rxa1 22. Bxa1 Ra8 23. Bd4 c5 24. Qe4 Ra2 25. bxc5 Nxc5 26. Qh7+ Kf8 27. Bb1 Ra4 28. Qc2 Ra8 29. Be3 Qxe5 30. Rd1 Qc7 31. Qh7 Ra4 32. Bf4 e5 33. Re1 f6 34. Bg6 Qd7 35. Bxe5 fxe5 36. Rxe5 Ra1+ 37. Kg2 Ne6 38. Qh8+ Ke7 39. Bxe8 Qb7+ 40. Kh3 Qf3 41. Qxg7+ Kd6 42. Rxe6+ Kxe6 43. Qxa1 Qxf2 44. Qc3 Ke7 45. Bh5 Kd6 46. Qd3+ Kc5 47. Qd5+ Kb4 48. Bf7 Kc3 49. Kg4 Qxh2 50. Qe5+ Kb4 51. Qd6+ Kc3 52. Qc6 Qe2+ 53. Qf3+ Qxf3+ 54. Kxf3 Kd4 55. Kf4 Kc5 56. Ke5 b5 57. cxb5 Kxb5 58. Kf6 Kc5 59. Kg6 Kd6 60. Kxh6 Ke5 61. Bh5 Kf6 62. g4 Ke7 63. Kg7 Ke6 64. g5 Ke5 65. g6 Kf4 66. Kf7 Kg5 67. g7 Kxh5 68. g8=Q Kh4 69. Kf6 Kh3 70. Kf5 Kh2 71. Kf4 Kh1 72. Kf3 1-0


[Site "https://www.chess.com"]

[Event "Titled Tuesday Blitz August 22 Late 2023"]
[White "Salimova, Nurgyul"]
[Black "Shapiro, Viktor"]
[WhiteFideId "2915138"]
[BlackFideId "4175700"]
[WhiteElo "2695"]
[BlackElo "2562"]
[Result "1-0"]
[Round "10"]
[TimeControl "180+1"]
[Date "2023.08.22"]
[WhiteClock "0:00:50"]
[BlackClock "0:00:15"]
[Board "32"]

1. d4 Nf6 2. Nf3 e6 3. Bf4 c5 4. e3 a6 5. Nbd2 b5 6. a4 b4 7. Bd3 Bb7 8. O-O d5 9. Re1 c4 10. Bf1 Nbd7 11. h3 Be7 12. Ne5 O-O 13. Qf3 Rc8 14. Nexc4 Ba8 15. Ne5 Rxc2 16. Rad1 Qa5 17. b3 Rfc8 18. Bd3 R2c3 19. Bb1 Qd8 20. g4 Nxe5 21. Bxe5 Nd7 22. Bg3 Nf8 23. Qe2 Bb7 24. Kg2 a5 25. h4 R8c6 26. h5 Ba6 27. Qf3 Bd3 28. Bxd3 Rxd3 29. Nc4 Rxd1 30. Rxd1 Rxc4 31. bxc4 dxc4 32. d5 exd5 33. Rxd5 Qc8 34. Qe4 Ne6 35. Rxa5 Bf8 36. Ra8 Qc7 37. Bxc7 1-0


[Site "https://www.chess.com"]

[Event "Titled Tuesday Blitz August 22 Late 2023"]
[White "Arias, Juan Cruz"]
[Black "Loay, Sameer"]
[WhiteFideId "118540"]
[BlackFideId "8104239"]
[WhiteElo "2691"]
[BlackElo "2549"]
[Result "1-0"]
[Round "10"]
[TimeControl "180+1"]
[Date "2023.08.22"]
[WhiteClock "0:01:36"]
[BlackClock "0:01:10"]
[Board "33"]

1. d4 Nf6 2. Nf3 g6 3. Nbd2 d5 4. e3 Bg7 5. b4 O-O 6. Be2 a5 7. b5 c6 8. bxc6 Nxc6 9. O-O Ne4 10. Nxe4 dxe4 11. Nd2 f5 12. Ba3 Re8 13. Rb1 e5 14. d5 Nb4 15. Bxb4 axb4 16. Rxb4 Rxa2 17. Qb1 Ra8 18. Nc4 Kh8 19. Nb6 Ra5 20. Nxc8 Qxc8 21. Rxb7 Rxd5 22. c4 Rd7 23. Rxd7 Qxd7 24. c5 Qd5 25. Rc1 Rc8 26. c6 Bf8 27. c7 Bd6 28. Ba6 Rxc7 29. Qb8+ Kg7 30. Rxc7+ Bxc7 31. Qxc7+ Kh6 32. Bf1 f4 33. Qe7 g5 34. Qf6+ Kh5 35. Be2+ g4 36. Qf5+ Kh6 37. exf4 Qd2 38. Qg5# 1-0


[Site "https://www.chess.com"]

[Event "Titled Tuesday Blitz August 22 Late 2023"]
[White "Alex_Sahakyan2006"]
[Black "Ovezdurdyyeva, Jemal"]
[BlackFideId "14001888"]
[WhiteElo "2685"]
[BlackElo "2432"]
[Result "1-0"]
[Round "10"]
[TimeControl "180+1"]
[Date "2023.08.22"]
[WhiteClock "0:02:22"]
[BlackClock "0:01:54"]
[Board "34"]

1. e4 d6 2. d4 Nf6 3. Nc3 g6 4. Bg5 Bg7 5. e5 Nfd7 6. Nd5 f6 7. exf6 exf6 8. Be3 O-O 9. Bc4 Kh8 10. h4 c5 11. h5 b5 12. hxg6 bxc4 13. Rxh7+ Kg8 14. Qh5 Re8 15. Rh8+ Bxh8 16. Qh7+ Kf8 17. Qf7# 1-0


[Site "https://www.chess.com"]

[Event "Titled Tuesday Blitz August 22 Late 2023"]
[White "Karas, Marek"]
[Black "Rustemov, Alexander"]
[WhiteFideId "14928558"]
[BlackFideId "4119002"]
[WhiteElo "2460"]
[BlackElo "2857"]
[Result "0-1"]
[Round "10"]
[TimeControl "180+1"]
[Date "2023.08.22"]
[WhiteClock "0:00:00"]
[BlackClock "0:00:24"]
[Board "35"]

1. d4 g6 2. e4 Bg7 3. Nf3 d6 4. Bc4 e6 5. Qe2 Ne7 6. Bb3 Nd7 7. O-O b6 8. c3 Bb7 9. Bf4 O-O 10. Nbd2 h6 11. Bg3 Nf6 12. h3 g5 13. e5 Nh5 14. Bh2 Ng6 15. Qe3 Nhf4 16. Bxf4 Nxf4 17. Rad1 dxe5 18. dxe5 Qd3 19. Rfe1 Rad8 20. Bc4 Qc2 21. Rb1 Rd7 22. Ne4 Rfd8 23. Bb3 Qd3 24. Nf6+ Bxf6 25. exf6 Bxf3 26. Qxf3 Qxf3 27. gxf3 Nh5 28. h4 gxh4 29. Kg2 Nxf6 30. Rh1 Rd2 31. Rxh4 h5 32. Rf4 Ne8 33. Rh4 Ng7 34. Rhh1 Kf8 35. Rhe1 Nf5 36. Re5 Ke7 37. Rbe1 Kf6 38. R5e2 Rxe2 39. Rxe2 h4 40. Re4 c5 41. Bc4 Rd2 42. Re2 Rxe2 43. Bxe2 Kg5 44. Bd3 Ne7 45. Be4 f5 46. Bb7 Ng6 47. Bc8 Nf4+ 48. Kh2 e5 49. Bb7 Nd3 50. b3 Nc1 0-1


[Site "https://www.chess.com"]